 Dungeon Crawl Stone Soup version 0.21-a0-19-g210df22 (webtiles) character file.

4063 shmeve the Fighter (level 10, -6/127 HPs)
             Began as a Gnoll Berserker on May 24, 2017.
             Was an Elder of Trog.
             Mangled by a two-headed ogre
             ... wielding a cursed -3 giant spiked club
              (11 damage)
             ... on level 9 of the Dungeon.
             The game lasted 00:20:37 (6821 turns).

shmeve the Fighter (Gnoll Berserker)                Turns: 6821, Time: 00:20:39

Health: -6/127     AC: 18    Str: 24    XL:     10   Next: 25%
Magic:  10/10      EV: 11    Int:  9    God:    Trog [****..]
Gold:   126        SH:  0    Dex: 13    Spells: 9/9 levels left

rFire    . . .     SeeInvis +   j - +2 hand axe (venom)
rCold    . . .     Gourm    .   (no shield)
rNeg     . . .     Faith    .   R - +0 plate armour (curse)
rPois    .         Spirit   .   (no helmet)
rElec    .         Reflect  .   I - +0 cloak
rCorr    .         Harm     .   t - +1 pair of gloves
MR       .....                  P - +0 pair of boots (curse)
Stlth    ..........             (no amulet)
Regen    0.4/turn               (no ring)
MPRegen  0.2/turn               y - ring of see invisible

@: berserking, very quick
A: short attention span, fangs 1, strong nose
a: Berserk, Trog's Hand, Brothers in Arms, Burn Spellbooks, Renounce Religion


You were on level 9 of the Dungeon.
You worshipped Trog.
Trog was greatly pleased with you.
You were hungry.

You visited 2 branches of the dungeon, and saw 10 of its levels.

You collected 411 gold pieces.
You spent 285 gold pieces at shops.

Inventory:

Hand Weapons
 j - a +2 hand axe of venom (weapon)
Armour
 t - a +1 pair of gloves (worn)
 I - a +0 cloak (worn)
 P - a cursed +0 pair of boots (worn)
 R - a cursed +0 plate armour (worn)
Jewellery
 y - a ring of see invisible (right hand)
Wands
 v - a wand of clouds (3/9)
 E - a wand of flame (12/48)
 H - a wand of acid (7/15)
 J - a wand of random effects (23/48)
 M - a wand of enslavement (12/24)
 N - a wand of scattershot (3/9)
 O - a wand of lightning (10/15)
Scrolls
 a - 5 scrolls of identify
 b - 3 scrolls of random uselessness
 d - 6 scrolls of amnesia {unknown}
 e - 4 scrolls of fear
 h - a scroll of immolation {unknown}
 i - a scroll of enchant armour
 m - a scroll of teleportation
 n - 2 scrolls of noise
 o - a scroll of remove curse
 p - a scroll of fog {unknown}
 s - a scroll of recharging {unknown}
 B - a scroll of brand weapon {unknown}
 C - a scroll of vulnerability {unknown}
 D - a scroll of magic mapping {unknown}
 L - a scroll of enchant weapon {unknown}
Potions
 g - a potion of resistance
 l - 6 potions of curing
 q - a potion of lignification {unknown}
 r - 2 potions of ambrosia {unknown}
 u - 3 potions of degeneration {unknown}
 x - a potion of brilliance {unknown}
 z - a potion of mutation {unknown}
 F - 3 potions of heal wounds
 G - a potion of cancellation {unknown}
 Q - a potion of agility {unknown}
Books
 K - a book of Minor Magic

   Spells                             Type                      Level
   a - Magic Dart                     Conjuration                  1
   b - Blink                          Translocation                2
   c - Call Imp                       Summoning                    2
   d - Slow                           Hexes                        2
   e - Conjure Flame                  Conjuration/Fire             3
   f - Mephitic Cloud                 Conjuration/Poison/Air       3
   Trog disapproves of the use of such an item.
Comestibles
 c - 5 bread rations
 f - 5 royal jellies
 k - 7 fruits
 w - 2 chunks of flesh
 A - 4 meat rations


   Skills:
 * Level 9.8 Fighting
 * Level 9.7 Axes
 + Level 8.3 Armour
 + Level 8.3 Dodging


You had 9 spell levels left.
You didn't know any spells.

Dungeon Overview and Level Annotations

Branches:
Dungeon (9/15)             Temple (1/1) D:4            Lair (0/6) D:8
    Orc: D:9-12

Altars:
Dithmenos
Makhleb
Wu Jian
Yredelemnul

Shops:
D:5 *   D:7 !   D:8 *=}(   D:9 ?


Innate Abilities, Weirdness & Mutations

You have a short attention span.
You have very sharp teeth.
Your uncanny sense of smell can sniff out nearby items.


Message History

Your plate armour prevents you from hitting the two-headed ogre.
You bite the two-headed ogre.
The two-headed ogre is moderately wounded.
You slash the two-headed ogre!
The two-headed ogre looks as sick as possible!
The two-headed ogre is heavily wounded.
The two-headed ogre hits you with a giant spiked club!
* * * LOW HITPOINT WARNING * * *
The two-headed ogre hits you with a giant spiked club!
* * * LOW HITPOINT WARNING * * *
A red film seems to cover your vision as you go berserk!
You feel yourself moving faster!
You feel mighty!
You are feeling hungry.
You slash the two-headed ogre!
The two-headed ogre looks as sick as possible!
Your bite misses the two-headed ogre.
The two-headed ogre is almost dead.
The two-headed ogre hits you but does no damage.
The two-headed ogre hits you with a giant spiked club!
You die...

#########+##......# ...
..................#....
............###+###....
............#..........
.......<....'..........
............#..........
............#..........
##..........###'########
.#..............@O......
.#.....#+###............
.#.....# #............
.#.....# #............
.#.....# #............
.'.....# #............
.#.....# ############.
.####### ..


You could see a two-headed ogre.

Vanquished Creatures
  Pikel (D:4)
  Joseph (D:7)
  The ghost of GEC the Skirmisher, an amateur DsFi (D:4)
  Prince Ribbit (D:8)
  A water moccasin (D:9)
  Duvessa (D:6)
  3 sky beasts
  3 slaves (D:4)
  2 orc warriors
  2 ice beasts
  A phantom (D:4)
  4 ogres
  A centaur (D:9)
  Blork the orc (D:6)
  3 bullfrogs
  Dowan (D:6)
  2 scorpions
  6 killer bees (D:9)
  A howler monkey (D:9)
  2 centaur skeletons
  4 hounds
  A jelly (D:7)
  A gnoll shaman (D:5)
  An orc priest (D:8)
  5 orc wizards
  Natasha (twice) (D:4)
  2 iguanas
  2 worker ants
  8 gnolls
  7 adders
  A shadow imp (D:5)
  An ooze (D:2)
  2 adder skeletons
  2 worms
  3 dart slugs
  2 leopard geckos
  24 orcs
  2 ball pythons
  11 bats
  8 giant cockroaches
  8 hobgoblins
  20 jackals
  4 quokkas
  A ball python skeleton (D:4)
  3 frilled lizards
  7 goblins
  7 kobolds
  A quokka skeleton (D:4)
  6 rats
184 creatures vanquished.

Vanquished Creatures (others)
  Natasha (D:4)
  A worker ant (D:4)
2 creatures vanquished.

Grand Total: 186 creatures vanquished

Notes
Turn   | Place    | Note
-------+----------+-------------------------------------------
     0 | D:1      | shmeve the Gnoll Berserker began the quest for the Orb.
     0 | D:1      | Reached XP level 1. HP: 20/20 MP: 1/1
   253 | D:1      | Reached skill level 5 in Fighting
   316 | D:1      | Reached skill level 5 in Axes
   316 | D:1      | Reached XP level 2. HP: 27/27 MP: 2/2
   957 | D:2      | Found a shadowy altar of Dithmenos.
  1089 | D:2      | Reached XP level 3. HP: 32/33 MP: 3/3
  1132 | D:2      | Reached ** piety under Trog
  1673 | D:2      | Reached XP level 4. HP: 25/40 MP: 4/4
  2021 | D:3      | Noticed an ice beast
  2034 | D:3      | Reached XP level 5. HP: 47/47 MP: 5/5
  2040 | D:3      | Reached skill level 5 in Dodging
  2048 | D:3      | Killed an ice beast
  2048 | D:3      | Reached skill level 5 in Armour
  2048 | D:3      | Reached XP level 6. HP: 53/53 MP: 6/6
  2051 | D:3      | Reached *** piety under Trog
  2433 | D:3      | Found an ornate altar of the Wu Jian Council.
  2523 | D:4      | Noticed a slave
  2524 | D:4      | Noticed Pikel
  2526 | D:4      | Noticed a slave
  2527 | D:4      | Noticed a slave
  2528 | D:4      | Noticed Natasha
  2528 | D:4      | Noticed a slave
  2535 | D:4      | Killed Pikel
  2535 | D:4      | Reached XP level 7. HP: 62/62 MP: 7/7
  2537 | D:4      | Killed Natasha
  2634 | D:4      | Reached XP level 8. HP: 64/68 MP: 8/8
  2645 | D:4      | Noticed Natasha
  2655 | D:4      | Killed Natasha
  2719 | D:4      | Noticed GEC's ghost (amateur DsFi)
  2741 | D:4      | Killed GEC's ghost
  2767 | D:4      | Killed Natasha
  3355 | D:4      | Found a staircase to the Ecumenical Temple.
  3364 | Temple   | Entered the Ecumenical Temple
  3394 | D:5      | Entered Level 5 of the Dungeon
  3394 | D:5      | Found Unocs's General Store.
  3622 | D:5      | Reached **** piety under Trog
  4119 | D:6      | Reached XP level 9. HP: 75/75 MP: 9/9
  4144 | D:6      | Noticed Dowan
  4145 | D:6      | Noticed Duvessa
  4152 | D:6      | Killed Duvessa
  4155 | D:6      | Killed Dowan
  4312 | D:6      | Noticed Blork the orc
  4325 | D:6      | Killed Blork the orc
  4658 | D:7      | Noticed Joseph
  4682 | D:7      | Killed Joseph
  5215 | D:7      | Found Oralu's Distillery.
  5231 | D:7      | Bought a potion of curing for 45 gold pieces
  5231 | D:7      | Bought a potion of heal wounds for 75 gold pieces
  5611 | D:8      | Noticed Prince Ribbit
  5613 | D:8      | Found Zaaleh's Gadget Boutique.
  5624 | D:8      | Killed Prince Ribbit
  5681 | D:8      | Found Beawas Oseb's Assorted Antiques.
  5695 | D:8      | Bought a pair of glowing boots for 165 gold pieces
  5743 | D:8      | Found Bisuf's Jewellery Shoppe.
  5859 | D:8      | Found a staircase to the Lair.
  5869 | D:8      | Reached XP level 10. HP: 48/83 MP: 10/10
  5873 | D:8      | Found a basalt altar of Yredelemnul.
  6026 | D:8      | Found Ilivues's Weapon Boutique.
  6244 | D:9      | Found a burning altar of Makhleb.
  6544 | D:9      | Found Myenytz's Magic Scroll Shoppe.
  6810 | D:9      | Noticed a two-headed ogre
  6819 | D:9      | HP: 3/85 [two-headed ogre/giant spiked club (10)]
  6821 | D:9      | Mangled by a two-headed ogre

Vault maps used:
D:1:      minmay_arrival_pointy
D:2:      grunt_dithmenos_smoke_and_mirrors, first_bread
D:3:      lemuel_doored_altar
D:4:      lemuel_temple_firewalk_b, uniq_natasha, uniq_pikel
D:5:      serial_shops, shop, minivault_25
D:6:      uniq_duvessa, uniq_blork_the_orc
D:7:      serial_shops, shop, uniq_joseph
D:8:      yredelemnul_altar_generic, lair_entry_dummy, serial_glass,
          glass_columns_b, glass_columns_a, serial_shops, shop, shop,
          kennysheep_mini, nicolae_shop_temple_entry_statues_fountains,
          uniq_prince_ribbit1
D:9:      bloody_makhleb, serial_shops, shop, hangedman_fish_farm
Temple:   dpeg_five_rooms_temple

Skill      XL: |  1  2  3  4  5  6  7  8  9 |
---------------+----------------------------+-----
Fighting       | 5 6 8 9 |  9.8
Axes           | 5 6 7 8 9 |  9.7
Dodging        | 4 5 6 7 8 |  8.3
Armour         | 4 5 6 7 8 |  8.3

Action                   |  1- 3 |  4- 6 |  7- 9 | 10-12 || total
-------------------------+-------+-------+-------+-------++-------
Melee: Hand axe          |   100 |    81 |   300 |    78 ||   559
       Bite              |     8 |     9 |    49 |    11 ||    77
Invok: Berserk           |       |     2 |     4 |     1 ||     7
       Trog's Hand       |       |       |     1 |       ||     1
       Burn Spellbooks   |       |       |     1 |       ||     1
       Brothers in Arms  |       |       |     1 |       ||     1
  Use: Scroll            |       |       |     6 |       ||     6
 Stab: Sleeping          |     1 |       |       |       ||     1
       Distracted        |       |       |     1 |       ||     1
  Eat: Chunk             |     2 |     4 |    16 |     3 ||    25
Armor: Animal skin       |    24 |       |       |       ||    24
       Scale mail        |    25 |    38 |    10 |       ||    73
       Chain mail        |       |       |    95 |       ||    95
       Plate armour      |       |       |     7 |    48 ||    55
Dodge: Dodged            |    88 |    41 |   141 |    49 ||   319
